 Dungeon Crawl Stone Soup version 0.26-a0-652-gafc20e3620 (webtiles) character file.

Game seed: 536905178108581595

4575 Decritt the Grappler (level 10, 0/153 HPs)
             Began as a Troll Berserker on Oct 3, 2020.
             Was a High Priest of Trog.
             Slain by an orc knight
             ... wielding a +0 glaive
              (19 damage)
             ... in a bailey.
             The game lasted 00:33:48 (6673 turns).

Decritt the Grappler (Troll Berserker)              Turns: 6673, Time: 00:33:48

Health: 0/153      AC:  9    Str: 27    XL:     10   Next: 18%
Magic:  9/9        EV: 13    Int:  3    God:    Trog [*****.]
Gold:   548        SH:  0    Dex: 12    Spells: 9/9 levels left

rFire    + + .     SeeInvis .     - Unarmed
rCold    + . .     Faith    +   (no shield)
rNeg     + . .     Spirit   .   D - +1 troll leather armour
rPois    .         Reflect  .   (helmet restricted)
rElec    .         Harm     .   z - scarf {rC+ rF+}
rCorr    .         Rampage  .   (gloves unavailable)
MR       .....                  (boots unavailable)
Stlth    ..........             g - amulet of faith
HPRegen  1.15/turn              F - ring of positive energy
MPRegen  0.11/turn              r - ring of protection from fire

@: berserking, very quick
A: large, unfitting armour, claws 3, regeneration 1, shaggy fur 1, tough skin 3
a: Berserk, Trog's Hand, Brothers in Arms, Renounce Religion


You were in a bailey.
You worshipped Trog.
Trog was extremely pleased with you.
You visited 1 branch of the dungeon, and saw 9 of its levels.
You also visited: Bailey.

You collected 548 gold pieces.

Inventory:

Missiles
 a - 98 stones (quivered)
Armour
 o - a +0 cloak
 w - a scarf of invisibility
 z - a scarf of resistance (worn)
 D - a +1 troll leather armour (worn)
Jewellery
 b - an uncursed ring of fire
 g - an amulet of faith (around neck)
 r - a ring of protection from fire (right claw)
 A - an uncursed amulet of regeneration {unknown}
 E - an uncursed ring of stealth
 F - a ring of positive energy (left claw)
Wands
 v - a wand of paralysis (17)
Scrolls
 c - 3 scrolls of teleportation
 d - 2 scrolls of fog
 i - 6 scrolls of remove curse
 k - a scroll of fear
 l - 2 scrolls of enchant weapon
 m - 4 scrolls of magic mapping
 u - a scroll of enchant armour
 x - a scroll of random uselessness {unknown}
 y - a scroll of blinking
 C - 2 scrolls of immolation
Potions
 e - 4 potions of lignification
 f - 2 potions of ambrosia
 h - 3 potions of magic
 j - 2 potions of curing
 n - 2 potions of heal wounds
 p - a potion of haste {unknown}
 q - 5 potions of cancellation
 s - 2 potions of mutation {unknown}
 t - a potion of degeneration {unknown}
 B - a potion of might {unknown}
 G - a potion of brilliance {unknown}


   Skills:
 * Level 7.3 Fighting
   Level 0.3 Maces & Flails
 - Level 3.8 Armour
 * Level 7.2 Dodging
 * Level 8.7 Unarmed Combat


You had 9 spell levels left.
You didn't know any spells.
Your spell library was empty.

Dungeon Overview and Level Annotations

Branches:
Dungeon (9/15)             Temple (0/1) D:7          Bailey (1/1)
   Lair: D:8-11         Orc: D:9-12

Altars:
Cheibriados
Dithmenos
Elyvilon
Hepliaklqana
Ru
Sif Muna
Trog
Zin

Shops:
D:8 (


Innate Abilities, Weirdness & Mutations

You are too large for most types of armour.
You have claws for hands.
Your natural rate of healing is unusually fast.
You are covered in fur. (AC +1)
You have extremely tough skin. (AC +3)


Message History

The orc warrior shoots a bolt.
The bolt hits you!
* * * LOW HITPOINT WARNING * * *
The orc knight roars a battlecry!
The orc warriors go into a battle-frenzy!
The orc warrior roars noisily.
You see here a bolt.
A red film seems to cover your vision as you go berserk!
You feel yourself moving faster!
You feel mighty!
The orc knight hits you with a +0 glaive!
* * * LOW HITPOINT WARNING * * *
The orc warrior shoots a bolt.
The bolt barely misses you.
You claw the orc knight!
The orc knight is lightly wounded.
You are too berserk!
You barely miss the orc knight.
The orc knight is lightly wounded.
You scratch the orc knight.
The orc knight is lightly wounded.
The orc knight hits you with a +0 glaive!!
You die...

### ## ##
##∩###########.##
..##...##.....##(./#
≈..#..(#..≈≈≈..#)..#
≈≈......)≈≈o≈≈.#(..#
o≈.)..((O≈.oo≈.'@..#
≈≈..(.)..≈≈o≈≈.#.o?#
≈..#..(#.)≈≈≈..#o.}#
..##.∩.##.....##...#
## ##∩###########.##
### ##


You could see an orc knight, 4 orc warriors and an orc.

Vanquished Creatures
  Joseph (D:7)
  A troll (D:7)
  2 ice beasts
  5 orc warriors
  3 phantoms
  A black bear (D:8)
  5 centaurs
  5 ogres
  A big kobold (D:8)
  4 bullfrogs
  A scorpion (D:6)
  7 killer bees
  2 howler monkeys
  A centaur zombie (D:5)
  3 centaur skeletons
  3 orc priests
  Crazy Yiuf (D:3)
  8 hounds
  7 orc wizards
  3 iguanas
  5 worker ants
  A hound zombie (D:8)
  A worker ant zombie (D:8)
  9 gnolls
  9 adders
  A shadow imp (D:6)
  3 white imps
  3 ufetubi
  An ooze (D:2)
  2 adder zombies (D:6)
  An adder skeleton (D:4)
  A worm (D:3)
  4 leopard geckos
  37 orcs
  11 bats
  5 giant cockroaches
  14 goblins
  7 hobgoblins
  9 jackals
  3 quokkas
  A ball python (D:2)
  3 frilled lizards
  A jackal skeleton (D:6)
  11 kobolds
  5 rats
212 creatures vanquished.

Vanquished Creatures (collateral kills)
  A hippogriff (D:7)
  An orc warrior (D:7)
  A centaur (D:7)
  A killer bee (D:8)
  An orc priest (D:7)
  An orc (Bailey)
  A leopard gecko skeleton (D:7)
7 creatures vanquished.

Grand Total: 219 creatures vanquished

Notes
Turn   | Place    | Note
-------+----------+-------------------------------------------
     0 | D:1      | Decritt the Troll Berserker began the quest for the Orb.
     0 | D:1      | Reached XP level 1. HP: 22/22 MP: 0/0
   107 | D:1      | Reached XP level 2. HP: 25/29 MP: 1/1
   290 | D:1      | Reached XP level 3. HP: 36/36 MP: 2/2
   292 | D:1      | Reached ** piety under Trog
   998 | D:2      | Reached XP level 4. HP: 33/45 MP: 3/3
  1376 | D:3      | Reached *** piety under Trog
  1559 | D:3      | Reached skill level 4 in Unarmed Combat
  1601 | D:3      | Found a glowing silver altar of Zin.
  1601 | D:3      | Noticed an angel
  1664 | D:3      | Found a runed translucent door.
  1665 | D:3      | Noticed Crazy Yiuf
  1698 | D:3      | Killed Crazy Yiuf
  1698 | D:3      | Reached XP level 5. HP: 41/53 MP: 4/4
  1811 | D:4      | Noticed an ogre
  1819 | D:4      | Killed an ogre
  1819 | D:4      | Reached XP level 6. HP: 37/62 MP: 5/5
  2102 | D:4      | Reached skill level 1 in Armour
  2312 | D:4      | Reached **** piety under Trog
  2447 | D:4      | Found a shimmering blue altar of Sif Muna.
  2480 | D:4      | Reached skill level 5 in Unarmed Combat
  2555 | D:4      | Reached XP level 7. HP: 44/70 MP: 6/6
  2878 | D:5      | Entered Level 5 of the Dungeon
  3133 | D:5      | Found a white marble altar of Elyvilon.
  3862 | D:6      | Reached XP level 8. HP: 79/79 MP: 7/7
  3874 | D:6      | Reached skill level 5 in Fighting
  3874 | D:6      | Reached skill level 6 in Unarmed Combat
  3881 | D:6      | Reached skill level 5 in Dodging
  4002 | D:6      | Reached ***** piety under Trog
  4698 | D:7      | Noticed Joseph
  4704 | D:7      | Found a bloodstained altar of Trog.
  4712 | D:7      | Killed Joseph
  4712 | D:7      | Reached skill level 7 in Unarmed Combat
  4712 | D:7      | Reached XP level 9. HP: 27/89 MP: 8/8
  4847 | D:7      | Found a sacrificial altar of Ru.
  5017 | D:7      | Found a sand-covered staircase.
  5026 | D:7      | Noticed a troll
  5038 | D:7      | Killed a troll
  5225 | D:7      | Found a snail-covered altar of Cheibriados.
  5226 | D:7      | Found a hazy altar of Hepliaklqana.
  5258 | D:7      | Found a staircase to the Ecumenical Temple.
  5459 | D:7      | Found a shadowy altar of Dithmenos.
  5734 | D:8      | Found a glowing silver altar of Zin.
  5741 | D:8      | Reached skill level 8 in Unarmed Combat
  5756 | D:8      | Found Yfib Diu's Antique Weapon Emporium.
  5793 | D:8      | Received a gift from Trog
  6029 | D:8      | Reached XP level 10. HP: 102/102 MP: 9/9
  6481 | D:8      | You fall into a shaft and drop 1 floor!
  6615 | D:9      | Found a flagged portal.
  6629 | Bailey   | Entered a bailey
  6665 | Bailey   | Noticed an orc knight
  6673 | Bailey   | Slain by an orc knight

Illustrated notes

Levels and vault maps discovered:
D:1:      dpeg_arrival_tiny_d, layout_basic, minmay_tetromino_s4
D:2:      layout_rooms
D:3:      layout_rooms, zin_angel, uniq_crazy_yiuf_cottage
D:4:      layout_layer_cave, kennysheep_mini, minmay_starry_boxes
D:5:      layout_rooms, lemuel_round_altar, minmay_misc_feat_x
D:6:      layout_loops_ring, chequers_serial_rivers_small_b
D:7:      layout_layer_cave, chequers_temple_overflow_statue_of_worship,
          bloody_trog, nicolae_ru_sacrificial_ziggurat,
          minmay_temple_entry_stoned_glass, nicolae_ossuary_entry_monument,
          chequers_serial_rivers_small_3, grunt_dithmenos_shadows, uniq_joseph
D:8:      layout_loops_ring, serial_shops, kennysheep_little_box, basic_altar
D:9:      layout_long_grid, nicolae_overflow_crystal_walls, serial_shops, shop,
          enter_bailey_3, hangedman_abyss_or_decor_clamps, uniq_grum,
          uniq_erica, uniq_pikel, uniq_maurice
Bailey:   bailey_polearm_4, bailey

Skill      XL: |  1  2  3  4  5  6  7  8  9 10 |
---------------+-------------------------------+-----
Fighting       | 3 4 5 7 |  7.3
Dodging        | 3 4 5 6 7 |  7.2
Unarmed Combat | 4 5 7 8 |  8.7
Armour         | 1 2 3 |  3.8
Maces & Flails | |  0.3

Action                   |  1- 3 |  4- 6 |  7- 9 | 10-12 || total
-------------------------+-------+-------+-------+-------++-------
Melee: Unarmed           |    95 |   111 |   324 |    82 ||   612
       Punch             |     2 |     3 |    14 |     5 ||    24
       Giant club        |       |    33 |       |       ||    33
Invok: Berserk           |       |     1 |     4 |     1 ||     6
       Brothers in Arms  |       |       |     3 |     1 ||     4
  Use: Scroll            |     1 |     4 |    10 |       ||    15
       Potion            |       |       |     2 |       ||     2
 Stab: Sleeping          |     1 |     1 |       |       ||     2
Armor: Animal skin       |    41 |    50 |    60 |       ||   151
       Troll leather arm |       |       |    42 |    26 ||    68
Dodge: Dodged            |    58 |   109 |   224 |    59 ||   450

Table legend: (Time is in decaauts)
 A = Elapsed time spent in this place.
 B = Non-inter-level travel time spent in this place.
 C = Inter-level travel time spent in this place.
 D = Time resting spent in this place.
 E = Time spent auto-exploring this place.
 F = Levels seen in this place.
 G = Mean time per level.
                   A        B        C        D        E       F      G
               +--------+--------+--------+--------+--------+-----+--------+
         Total |   6659 |   6475 |    184 |    553 |   4534 |  10 |  665.9 |
       Dungeon |   6618 |   6434 |    184 |    553 |   4534 |   9 |  735.3 |
        Bailey |     40 |     40 |      0 |      0 |      0 |   1 |   40.0 |
               +--------+--------+--------+--------+--------+-----+--------+

Top non-repeatable levels by time:
     D:4: 1127 daAuts
     D:6: 945 daAuts
     D:7: 912 daAuts
     D:8: 902 daAuts
     D:1: 835 daAuts
     D:5: 824 daAuts
     D:3: 533 daAuts
     D:2: 393 daAuts
     D:9: 144 daAuts
  Bailey: 40 daAuts
